 Dungeon Crawl Stone Soup version 0.20.1-1-g8b1a95d (webtiles) character file.

126 gungr the Insei (level 5, -4/33 HPs)
             Began as an Octopode Transmuter on Oct 29, 2017.
             Slain by a slave (9 damage)
             ... led by Pikel
             ... on level 3 of the Dungeon.
             The game lasted 00:05:24 (2827 turns).

gungr the Insei (Octopode Transmuter)               Turns: 2827, Time: 00:05:25

Health: -4/33      AC:  1    Str:  9    XL:     5   Next: 9%
Magic:  8/8        EV: 14    Int: 17    God:
Gold:   124        SH:  0    Dex: 18    Spells: 4/8 levels left

rFire    . . .     SeeInvis .     - Unarmed
rCold    . . .     Gourm    .   (no shield)
rNeg     . . .     Faith    .   (helmet restricted)
rPois    .         Spirit   .   (no amulet)
rElec    .         Reflect  .   n - +6 ring of dexterity
rCorr    .         Harm     .   (no ring)
MR       .....                  (no ring)
Stlth    +++.......             (no ring)
Regen    0.2/turn               (no ring)
MPRegen  0.2/turn               (no ring)
                                (no ring)
                                (no ring)

@: no status effects
A: almost no armour, stealthy swim, amphibious, 8 rings, constrict 8, camouflage
1, gelatinous body 1
a: no special abilities


You were on level 3 of the Dungeon.
You were not hungry.

You visited 1 branch of the dungeon, and saw 4 of its levels.

You collected 124 gold pieces.

Inventory:

Missiles
 a - 12 arrows
Jewellery
 n - a +6 ring of dexterity (left tentacle)
Scrolls
 d - 4 scrolls of identify {unknown}
 f - a scroll of amnesia {unknown}
 h - a scroll of magic mapping {unknown}
 i - a scroll of noise {unknown}
 j - 2 scrolls of teleportation {unknown}
 k - 2 scrolls of remove curse {unknown}
 m - a scroll of random uselessness {unknown}
 q - a scroll of enchant weapon {unknown}
 r - a scroll of recharging {unknown}
 t - a scroll of enchant armour {unknown}
Potions
 e - a potion of brilliance {unknown}
 g - 2 potions of invisibility {unknown}
 l - a potion of resistance {unknown}
 o - 2 potions of curing {unknown}
 p - a potion of heal wounds {unknown}
 s - a potion of degeneration {unknown}
Books
 b - a book of Changes

   Spells                             Type                      Level
   a - Beastly Appendage              Transmutation                1
   b - Sticks to Snakes               Transmutation                2
   c - Spider Form                    Transmutation/Poison         3
   d - Ice Form                       Ice/Transmutation            4
   e - Blade Hands                    Transmutation                5
Comestibles
 c - 3 bread rations


   Skills:
 - Level 1.1 Fighting
 - Level 2.4 Dodging
 - Level 5.0 Unarmed Combat
 - Level 2.2 Spellcasting
 * Level 2.2 Transmutations


You had 4 spell levels left.
You knew the following spells:

 Your Spells              Type           Power        Failure   Level  Hunger
a - Beastly Appendage     Tmut           #.....       8%          1    #......
b - Spider Form           Tmut/Pois      #.........   34%         3    ###....


Dungeon Overview and Level Annotations

Branches:
Dungeon (4/15)
 Temple: D:4-7

Altars:
Fedhas
Gozag
Qazlal
Sif Muna
Trog
Yredelemnul

Annotations:
D:4 Pikel


Innate Abilities, Weirdness & Mutations

You cannot wear most types of armour.
You are very stealthy in the water. (Stealth+)
You are amphibious.
You can wear up to eight rings at the same time.
You can use your tentacles to constrict eight enemies at once.
Your skin changes colour to match your surroundings (Stealth+).
Your rubbery body absorbs attacks. (AC +1, EV +1)


Message History

There is a stone staircase leading up here.
The slave hits you!
You climb upwards.
There is a stone staircase leading down here.
You barely miss the slave. Your grab misses the slave. You squeeze the slave.
The slave is moderately wounded.
The slave closely misses you.
You miss the slave. You grab the slave.
The slave is moderately wounded.
You constrict the slave. The slave hits you!
You tentacle-slap the slave. You squeeze the slave.
The slave is moderately wounded.
You constrict the slave. The slave hits you!
* * * LOW HITPOINT WARNING * * *
You tentacle-slap the slave but do no damage.
You squeeze the slave.
The slave is heavily wounded.
You constrict the slave, but do no damage.
The slave hits you!
You die...

.##.#..##.##...###.#.###.#
#.##.# .......##.#.....###.##
#.# #.##.#
....#.###...........# #.#
#.##.# #####.# ###....)#####
##.###..... #.#
##...########.......... #.#
##......†.........##..
##.#################..###.....
#..........#########..# #.#...
##.#######...@p.......# #.....
### ###########.## #.#... #.#
#.#... #.# #.###. #.# #.###.
#.# #..... #.########.
#.......... ###########


You could see a slave.

Vanquished Creatures
  A worker ant (D:4)
  A gnoll (D:1)
  An adder (D:3)
  4 oozes
  3 worms
  2 dart slugs (D:1)
  A leopard gecko (D:1)
  2 orcs
  7 bats
  3 giant cockroaches (D:1)
  2 gnoll zombies (D:2)
  5 goblins
  4 hobgoblins
  4 frilled lizards
  5 kobolds
  10 rats
55 creatures vanquished.

Notes
Turn   | Place    | Note
-------+----------+-------------------------------------------
     0 | D:1      | gungr the Octopode Transmuter began the quest for the Orb.
     0 | D:1      | Reached XP level 1. HP: 13/13 MP: 3/3
   400 | D:1      | Reached XP level 2. HP: 9/18 MP: 5/5
   579 | D:1      | Reached XP level 3. HP: 18/23 MP: 4/6
  1357 | D:2      | Reached skill level 4 in Unarmed Combat
  1485 | D:2      | Reached XP level 4. HP: 21/28 MP: 7/7
  1487 | D:2      | Found a basalt altar of Yredelemnul.
  1740 | D:2      | Found a stormy altar of Qazlal.
  1743 | D:2      | Noticed an air elemental
  1743 | D:2      | Noticed a water elemental
  1744 | D:2      | Noticed a fire elemental
  1744 | D:2      | Noticed an earth elemental
  2105 | D:3      | Learned a level 3 spell: Spider Form
  2414 | D:3      | Found a deep blue altar of Sif Muna.
  2587 | D:3      | Found a blossoming altar of Fedhas.
  2588 | D:3      | Found an opulent altar of Gozag.
  2758 | D:4      | Found a bloodstained altar of Trog.
  2793 | D:4      | Reached skill level 5 in Unarmed Combat
  2793 | D:4      | Reached XP level 5. HP: 27/33 MP: 6/8
  2814 | D:4      | Noticed a slave
  2814 | D:4      | Noticed a slave
  2816 | D:4      | Noticed Pikel
  2816 | D:4      | Noticed a slave
  2817 | D:4      | Noticed a slave
  2827 | D:3      | Slain by a slave

Skill      XL: |  1  2  3  4 |
---------------+-------------+-----
Unarmed Combat | 4 5 |  5.0
Fighting       | |  1.1
Dodging        | |  2.4
Spellcasting   | |  2.2
Transmutations | |  2.2

Action                   |  1- 3 |  4- 6 || total
-------------------------+-------+-------++-------
Melee: Unarmed           |    80 |    53 ||   133
       Constrict         |    17 |    13 ||    30
       Tentacles         |    12 |    17 ||    29
       Kick              |     2 |     5 ||     7
       Punch             |       |     2 ||     2
 Cast: Beastly Appendage |     1 |     4 ||     5
 Stab: Sleeping          |     3 |     7 ||    10
  Eat: Bread ration      |     1 |     1 ||     2
Armor: Skin              |    10 |     1 ||    11
Dodge: Dodged            |    50 |    27 ||    77
